 Dungeon Sprint DCSS version 0.19-a0-45-g2c295ea (webtiles) character file.

125 namelastname112 the Sneak (level 4, -4/52 HPs)
             Began as a Vampire Enchanter on May 5, 2016.
             Slain by an ice beast (12 damage)
             ... in the Dungeon (Sprint IX: "|||||||||||||||||||||||||||||").
             The game lasted 00:00:54 (96 turns).

namelastname112 the Sneak (Vampire Enchanter)         Turns: 96, Time: 00:00:55

Health: -4/52      AC:  3    Str: 12    XL:     4   Next: 82%
Magic:  4/9        EV: 14    Int: 17    God:
Gold:   0          SH:  0    Dex: 15    Spells: 1 memorised, 9 levels left

rFire  . . .     SeeInvis +     a - +1 dagger
rCold  . . .     Gourm    .     b - +1 robe
rNeg   . . .     Faith    .     (no shield)
rPois  .         Spirit   .     (no helmet)
rElec  .         Dismiss  .     (no cloak)
rCorr  .         Reflect  .     (no gloves)
SustAt .         Harm     .     (no boots)
MR     .....     NoTele   +     (no amulet)
Stlth  ..........               (no ring)
                                (no ring)

@: berserking (expiring), regenerating quickly, very quick, not resistant to
hostile enchantments, extremely unstealthy
A: fangs 3, see invisible, unbreathing
a: no special abilities


You were in the Dungeon.
You were full.

You visited 1 branch

Inventory:

Hand Weapons
 a - a +1 dagger (weapon)
Armour
 b - a +1 robe (worn)
Scrolls
 j - a scroll of blinking
Potions
 d - 2 potions of blood
 e - a potion of curing
 f - a potion of heal wounds
 g - a potion of haste
 h - 2 potions of magic
Books
 c - a book of Maledictions

   Spells                             Type                      Level
   a - Corona                         Hexes                        1
   b - Ensorcelled Hibernation        Hexes/Ice                    2
   c - Confuse                        Hexes                        3
   d - Tukima's Dance                 Hexes                        3
   e - Dazzling Spray                 Conjuration/Hexes            3


   Skills:
 + Level 3.2 Fighting
 + Level 4.4 Short Blades
 + Level 4.6 Dodging
 + Level 7.6 Stealth
 + Level 3.9 Spellcasting
 + Level 7.1 Hexes


You had 9 spell levels left.
You knew the following spells:

 Your Spells              Type           Power        Failure   Level  Hunger
a - Corona                Hex            ####...      1%          1    None


Dungeon Overview and Level Annotations

Branches:
Dungeon (1/1)

Altars:


Innate Abilities, Weirdness & Mutations

Your natural rate of healing is unusually fast.
You have razor-sharp teeth.
You have supernaturally acute eyesight.
You can survive without breathing.


Message History

You puncture the ogre!
You kill the ogre!
Your Fighting skill increases to level 3!
Your Short Blades skill increases to level 4!
Your Dodging skill increases to level 4!
Your Stealth skill increases to level 7!
Your Spellcasting skill increases to level 3!
Your Hexes skill gained 2 levels and is now at level 7!
You have reached level 4!
You regained 2 hp, and now have 9/52 hp.
You barely miss the ice beast. You closely miss the ice beast.
The ice beast barely misses you.
You hit the ice beast.
The ice beast is moderately wounded.
You hit the ice beast.
The ice beast is moderately wounded.
The ice beast hits you.
* * * LOW HITPOINT WARNING * * *
The ice beast freezes you!
You die...

▓<▓
▓.▓
▓.▓
▓.▓
▓'▓
▓.▓
▓.▓
▓÷▓
▓@▓
▓Y▓
▓'▓
▓†▓
▓.▓
▓.▓
▓.▓
▓.▓
▓+▓


You could see an ice beast.

Vanquished Creatures
  An ogre (D)
  A crimson imp (D)
  2 ball pythons (D)
  2 bats (D)
  A giant gecko zombie (D)
  A giant newt (D)
  A rat (D)
9 creatures vanquished.

Notes
Turn   | Place    | Note
--------------------------------------------------------------
     0 | D        | namelastname112 the Vampire Enchanter began the quest for the Orb.
     0 | D        | Reached XP level 1. HP: 13/13 MP: 3/3
    19 | D        | Reached skill level 1 in Fighting
    42 | D        | Noticed a crimson imp
    42 | D        | Noticed an ogre
    42 | D        | Noticed an ice beast
    59 | D        | Reached skill level 5 in Stealth
    86 | D        | Killed a crimson imp
    86 | D        | Reached skill level 5 in Hexes
    86 | D        | Reached XP level 2. HP: 22/22 MP: 3/5
    86 | D        | Reached XP level 3. HP: 27/27 MP: 4/7
    91 | D        | Killed an ogre
    91 | D        | Reached XP level 4. HP: 9/35 MP: 4/9
    96 | D        | Slain by an ice beast

Vault maps used:
D:        linesprint

Skill      XL: |  1  2  3 |
---------------+----------+-----
Fighting       | 2 3 |  3.2
Short Blades   | 3 4 |  4.4
Stealth        | 6 7 |  7.6
Dodging        | 3 4 |  4.6
Hexes          | 5 7 |  7.1
Spellcasting   | 3 |  3.9

Action                   |  1- 3 |  4- 6 || total
-------------------------+-------+-------++-------
Melee: Dagger            |    34 |     4 ||    38
       Bite              |     4 |       ||     4
  Use: Potion            |     3 |       ||     3
 Stab: Sleeping          |     1 |       ||     1
Armor: Robe              |    12 |       ||    12
Dodge: Dodged            |    23 |     1 ||    24
